Avalanche vs Blue Jackets

Created - January 4, 2023 at 21:10

Goals
1 2 3 T
Avalanche 0 0 2 2
Blue Jackets 1 2 0 3
Shots
1 2 3 T
Avalanche 4 13 15 32
Blue Jackets 17 12 6 35

GoalsPenalties
1st period
1. Blue Jackets , Zach Sanford 2 (Nic Dowd 4, Braden Schneider 3) at 8:39
Lucas Wallmark (COL) for High sticking (Minor) at 8:58
2nd period
2. Blue Jackets , Elias Pettersson 6 (Miles Wood 2, John Klingberg 2) at 4:12
3. Blue Jackets , Zach Sanford 3 (Quinn Hughes 15) at 12:03
Nic Dowd (CLB) for Hooking (Minor) at 4:16
Braden Schneider (CLB) for Hooking (Minor) at 18:50
3rd period
4. Avalanche , Anton Stralman 2 (Brock McGinn 3, Bryan Little 4) at 11:04
5. Avalanche , Anthony Cirelli 2 (Anton Stralman 4, Philippe Myers 1) at 11:27
Ryan Graves (CLB) for High sticking (Minor) at 3:58
Trevor Zegras (COL) for Roughing (Minor) at 3:58
Joel Edmundson (CLB) for Tripping (Minor) at 7:49
Braden Schneider (CLB) for Roughing (Minor) at 12:18
Goalie Stats
Chris Driedger (COL), 32 saves from 35 shots - (0.914), L, 3-8-0, 58:33 minutes
Thatcher Demko (CLB), 30 saves from 32 shots - (0.938), W, 2-4-1, 60:00 minutes
3 StarsOfficial
1 - Zach Sanford (CLB)
2 - Anton Stralman (COL)
3 - Anthony Cirelli (COL)
Referees : Marc Joannette and Stephen Hiff
Linesman : Travis Toomey and Shandor Alphonso
Game Note
Jonas Siegenthaler is injured at 10:52 of 1st period (Dislocated Patella)
T.J. Oshie is injured at 14:02 of 2nd period (Right Hand)
Finance
Level 1 -- Attendance: 3331 (55.52%) -- Ticket Income $749,475
Level 2 -- Attendance: 3136 (62.72%) -- Ticket Income $517,440
Level 3 -- Attendance: 2356 (58.90%) -- Ticket Income $318,060
Level 4 -- Attendance: 1719 (57.30%) -- Ticket Income $171,900
Luxury Box -- Attendance: 741 (74.10%) -- Ticket Income $222,300
Game was played at the Nationwide Arena.
Total Attendance: 11283 (59.38%)
Total Ticket Income: $1,979,175
Total Income: $1,979,175



Team Name Goals Shots Shots Attemp Shots Blocked PIM HIT PP PK FO%
Avalanche 2325964290 / 4 (0%)042%
Blue Jackets 335631410120 / 1 (0%)058%

Avalanche
Player Name POS G A P +/- PIM HIT SHT SB MP PP MP PP SHT PK MP PK SHT FO% FOT
Anthony CirelliC/RW1010034017:314:5010:00035% 23
Anton StralmanD112-1013120:432:4300:0000% 0
Blake PietilaC/LW/RW000-1010010:430:0000:0000% 1
Brandon CarloD000-1043221:083:2000:1200% 0
Brett PesceD0000021025:034:5611:1500% 0
Brock McGinnLW/RW0111013021:253:0600:4100% 4
Bryan LittleC/RW0111006120:173:0620:0000% 0
Colin BlackwellC/LW0000021015:594:5010:0000% 0
Hampus LindholmD0000062026:504:1601:0900% 0
Jonas SiegenthalerD000000014:210:0000:5000% 0
Lucas WallmarkC000-1220010:340:0000:00071% 14
Luke KuninC/RW000-101219:110:0000:0000% 2
Marcus JohanssonLW/RW0000001013:350:0000:3200% 0
Mark PysykLW/RW/D000-1011015:480:1401:1800% 1
Philippe MyersD0110020016:150:3700:0000% 0
Richard PanikLW/RW000-1001010:350:0000:0000% 0
Travis BoydC/RW000-1012014:253:0601:18041% 22
Trevor ZegrasC/LW0001222021:374:3610:41045% 22
Blue Jackets
Player Name POS G A P +/- PIM HIT SHT SB MP PP MP PP SHT PK MP PK SHT FO% FOT
Alexander KerfootC/LW000-1000121:140:0000:450100% 1
Anthony DuclairLW/RW0000005018:121:0802:4200% 1
Braden SchneiderD0111401114:500:0002:1000% 0
Elias PetterssonC1010015021:130:5104:53152% 21
Erik JohnsonD0001021413:390:0000:1900% 0
Frederick GaudreauC/RW000000105:230:0000:00057% 7
Joe PavelskiC/RW000-1001022:121:0804:44070% 33
Joel ArmiaLW/RW000000000:000:0000:0000% 0
Joel EdmundsonD0000231121:110:5013:1800% 0
John KlingbergD0110013117:130:5020:0000% 0
Kyle PalmieriRW0002001115:460:0002:0500% 1
Miles WoodLW/RW0110005014:470:5120:0000% 0
Nic DowdC/RW0112203214:310:5100:00065% 17
Quinn HughesD0110000227:431:0905:3400% 0
Ryan GravesD0000221125:201:0904:3100% 0
T.J. OshieRW0000002010:461:0800:4300% 2
Tomas NosekC/LW000-1011012:190:0000:00050% 2
Zach SanfordC/LW/RW2022024013:410:0000:00025% 4

Avalanche

5 vs 5 Forward
Line #Left WingCenterRight WingPHYDFOFWanted %Time %Time Play
1Brock McGinnTrevor ZegrasBryan Little0234035%16:21
2Colin BlackwellAnthony CirelliMarcus Johansson1222524%11:09
3Mark PysykTravis BoydLuke Kunin1311819%9:11
4Blake PietilaLucas WallmarkRichard Panik2211722%10:35
5 vs 5 Defense
Line #DefenseDefensePHYDFOFWanted %Time %Time Play
1Brett PesceHampus Lindholm1223328%13:06
2Jonas SiegenthalerBrandon Carlo1223237%17:42
3Anton StralmanPhilippe Myers1222533%15:35
4Brett PesceHampus Lindholm122102%0:53
Power Play Forward
Line #Left WingCenterRight WingPHYDFOFWanted %Time %Time Play
1Trevor ZegrasAnthony CirelliColin Blackwell0146061%4:50
2Brock McGinnTravis BoydBryan Little0144039%3:06
Power Play Defense
Line #DefenseDefensePHYDFOFWanted %Time %Time Play
1Brett PesceJonas Siegenthaler1226080%6:19
2Hampus LindholmBrandon Carlo1224020%1:37
Penalty Kill 4 Players Forward
Line #CenterWingPHYDFOFWanted %Time %Time Play
1Travis BoydMark Pysyk1226066%1:18
2Lucas WallmarkBrock McGinn1224034%0:41
Penalty Kill 4 Players Defense
Line #DefenseDefensePHYDFOFWanted %Time %Time Play
1Brett PesceHampus Lindholm1226058%1:09
2Mark PysykJonas Siegenthaler1224042%0:50
Penalty Kill 3 Players
Line #WingPHYDFOFWanted %Time %Time PlayDefenseDefensePHYDFOFWanted %Time %Time Play
1Mark Pysyk122600%0:00 Hampus LindholmPhilippe Myers122600%0:00
2Brock McGinn122400%0:00 Jonas SiegenthalerBrett Pesce122400%0:00
4 vs 4 Forward
Line #CenterWingPHYDFOFWanted %Time %Time Play
1Brock McGinnTrevor Zegras02360100%1:59
2Bryan LittleMark Pysyk122400%0:00
4 vs 4 Defense
Line #DefensePHYDFOFWanted %Time %Time Play
1Brett PesceAnton Stralman1226035%60% - 0:42
2Hampus LindholmJonas Siegenthaler1224065%40% - 1:17
Last Minutes Offensive
Left WingCenterRight WingDefenseDefense
Travis BoydAnthony CirelliBryan LittleBrett PesceHampus Lindholm
Last Minutes Defensive
Left WingCenterRight WingDefenseDefense
Colin BlackwellAnthony CirelliMark PysykBrett PesceHampus Lindholm
Time
Total ForwardTotal DefenseLast Minutes OffensiveLast Minutes Defensive
60:00 60:00 0:500:00
Extra Forwards
Normal PowerPlayPenalty Kill
Mark Pysyk, Trevor Zegras, Brock McGinnTrevor Zegras, Mark PysykMark Pysyk
Extra Defensemen
Normal PowerPlayPenalty Kill
Jonas Siegenthaler, Hampus Lindholm, Mark PysykHampus Lindholm, Hampus LindholmJonas Siegenthaler
Penalty Shots
Trevor Zegras, Brett Pesce, Anthony Cirelli, Brock McGinn, Colin Blackwell
Goalie
Chris Driedger, Aaron Dell
Custom OT Lines Forwards
Trevor Zegras, Travis Boyd, Anthony Cirelli, Marcus Johansson, Colin Blackwell, Brock McGinn, Luke Kunin, Mark Pysyk, Richard Panik, Bryan Little
Custom OT Lines Defensemen
Jonas Siegenthaler, Anton Stralman, Hampus Lindholm, Brett Pesce, Mark Pysyk
Scratches
John Moore (Healthy), Jordan Martinook (Healthy)

Blue Jackets

5 vs 5 Forward
Line #Left WingCenterRight WingPHYDFOFWanted %Time %Time Play
1Alexander KerfootJoe PavelskiT.J. Oshie1314031%15:06
2Anthony DuclairElias PetterssonMiles Wood1313029%13:56
3Zach SanfordNic DowdKyle Palmieri1312028%13:41
4Tomas NosekFrederick GaudreauAlexander Kerfoot1311011%5:23
5 vs 5 Defense
Line #DefenseDefensePHYDFOFWanted %Time %Time Play
1Quinn HughesRyan Graves1224037%17:50
2John KlingbergJoel Edmundson1223033%15:43
3Erik JohnsonBraden Schneider1222026%12:42
4Quinn HughesRyan Graves122104%1:51
Power Play Forward
Line #Left WingCenterRight WingPHYDFOFWanted %Time %Time Play
1Anthony DuclairJoe PavelskiT.J. Oshie1226057%1:08
2Nic DowdElias PetterssonMiles Wood1224043%0:51
Power Play Defense
Line #DefenseDefensePHYDFOFWanted %Time %Time Play
1Quinn HughesRyan Graves1226058%1:09
2John KlingbergJoel Edmundson1224042%0:50
Penalty Kill 4 Players Forward
Line #CenterWingPHYDFOFWanted %Time %Time Play
1Joe PavelskiElias Pettersson1226066%5:14
2Anthony DuclairT.J. Oshie1224034%2:42
Penalty Kill 4 Players Defense
Line #DefenseDefensePHYDFOFWanted %Time %Time Play
1Quinn HughesRyan Graves1226034%2:40
2Braden SchneiderJoel Edmundson1224066%5:16
Penalty Kill 3 Players
Line #WingPHYDFOFWanted %Time %Time PlayDefenseDefensePHYDFOFWanted %Time %Time Play
1Joe Pavelski122600%0:00 Quinn HughesRyan Graves122600%0:00
2Elias Pettersson122400%0:00 John KlingbergJoel Edmundson122400%0:00
4 vs 4 Forward
Line #CenterWingPHYDFOFWanted %Time %Time Play
1Joe PavelskiElias Pettersson1226078%1:33
2Anthony DuclairT.J. Oshie1224022%0:26
4 vs 4 Defense
Line #DefensePHYDFOFWanted %Time %Time Play
1Quinn HughesRyan Graves1226066%60% - 1:19
2John KlingbergJoel Edmundson1224034%40% - 0:40
Last Minutes Offensive
Left WingCenterRight WingDefenseDefense
Anthony DuclairJoe PavelskiT.J. OshieQuinn HughesRyan Graves
Last Minutes Defensive
Left WingCenterRight WingDefenseDefense
Anthony DuclairJoe PavelskiT.J. OshieQuinn HughesRyan Graves
Time
Total ForwardTotal DefenseLast Minutes OffensiveLast Minutes Defensive
60:00 60:00 0:000:00
Extra Forwards
Normal PowerPlayPenalty Kill
Tomas Nosek, Nic Dowd, Kyle PalmieriTomas Nosek, Nic DowdKyle Palmieri
Extra Defensemen
Normal PowerPlayPenalty Kill
Ryan Graves, Quinn Hughes, Joel EdmundsonQuinn Hughes, Ryan GravesQuinn Hughes
Penalty Shots
Joe Pavelski, Elias Pettersson, Anthony Duclair, T.J. Oshie, Kyle Palmieri
Goalie
Thatcher Demko, Sergei Bobrovsky
Custom OT Lines Forwards
Joe Pavelski, Elias Pettersson, Anthony Duclair, T.J. Oshie, Tomas Nosek, Miles Wood, Nic Dowd, Kyle Palmieri, Frederick Gaudreau, Zach Sanford
Custom OT Lines Defensemen
Quinn Hughes, Ryan Graves, John Klingberg, Joel Edmundson, Braden Schneider
Scratches
Zac Dalpe (Healthy), Jalen Chatfield (Healthy)


Play-by-Play

1st period


0:01 of 1st period - Trevor Zegras wins face-off versus Joe Pavelski in neutral zone.
0:11 of 1st period - Off-side.
0:12 of 1st period - Elias Pettersson wins face-off versus Anthony Cirelli in neutral zone.
1:03 of 1st period - Erik Johnson is hit by Anthony Cirelli.
1:30 of 1st period - Shot by Zach Sanford.
1:30 of 1st period - Shot Misses the Net.
1:32 of 1st period - Shot by Braden Schneider.
1:32 of 1st period - Stopped by Chris Driedger with a rebound.
1:34 of 1st period - Shot by Nic Dowd.
1:34 of 1st period - Stopped by Chris Driedger without a rebound.
1:35 of 1st period - Joe Pavelski wins face-off versus Trevor Zegras in Avalanche zone.
3:42 of 1st period - Elias Pettersson is hit by Anton Stralman and loses puck.
4:01 of 1st period - Shot by Nic Dowd.
4:01 of 1st period - Shot Misses the Net.
4:23 of 1st period - Shot by Kyle Palmieri.
4:23 of 1st period - Shot Misses the Net.
4:25 of 1st period - Shot by Braden Schneider.
4:25 of 1st period - Shot Misses the Net.
4:37 of 1st period - Shot by Bryan Little.
4:37 of 1st period - Stopped by Thatcher Demko without a rebound.
4:38 of 1st period - Anthony Cirelli wins face-off versus Joe Pavelski in Blue Jackets zone.
4:44 of 1st period - Ryan Graves is hit by Hampus Lindholm and loses puck.
4:52 of 1st period - Alexander Kerfoot is hit by Brett Pesce and loses puck.
6:30 of 1st period - Shot by Miles Wood.
6:30 of 1st period - Shot Misses the Net.
6:32 of 1st period - Shot by Elias Pettersson.
6:32 of 1st period - Shot Blocked by Brandon Carlo.
6:40 of 1st period - Shot by Anthony Duclair.
6:40 of 1st period - Stopped by Chris Driedger without a rebound.
6:41 of 1st period - Elias Pettersson wins face-off versus Lucas Wallmark in Avalanche zone.
6:58 of 1st period - Shot by Elias Pettersson.
6:58 of 1st period - Shot Misses the Net.
7:15 of 1st period - Shot by Richard Panik.
7:15 of 1st period - Stopped by Thatcher Demko without a rebound.
7:16 of 1st period - Travis Boyd wins face-off versus Frederick Gaudreau in Blue Jackets zone.
7:25 of 1st period - Shot by Luke Kunin.
7:25 of 1st period - Shot Misses the Net.
8:04 of 1st period - Off-side.
8:05 of 1st period - Anthony Cirelli wins face-off versus Nic Dowd in neutral zone.
8:37 of 1st period - Shot by Zach Sanford.
8:37 of 1st period - Shot Misses the Net.
8:39 of 1st period - Shot by Nic Dowd.
8:39 of 1st period - Deflect By Zach Sanford.
8:39 of 1st period - Goal by Zach Sanford - Avalanche : 0 - Blue Jackets : 1.
8:40 of 1st period - Elias Pettersson wins face-off versus Lucas Wallmark in neutral zone.
8:40 of 1st period - Miles Wood is hit by Blake Pietila and loses puck.
8:58 of 1st period - Minor Penalty to Lucas Wallmark for High sticking.
8:59 of 1st period - Travis Boyd wins face-off versus Joe Pavelski in Avalanche zone.
9:04 of 1st period - Ryan Graves is hit by Travis Boyd and loses puck.
10:28 of 1st period - Shot by Miles Wood.
10:28 of 1st period - Stopped by Chris Driedger without a rebound.
10:29 of 1st period - Elias Pettersson wins face-off versus Trevor Zegras in Avalanche zone.
10:38 of 1st period - Shot by Miles Wood.
10:38 of 1st period - Stopped by Chris Driedger without a rebound.
10:39 of 1st period - Joe Pavelski wins face-off versus Travis Boyd in Avalanche zone.
10:40 of 1st period - Shot by John Klingberg.
10:40 of 1st period - Stopped by Chris Driedger without a rebound.
10:41 of 1st period - Joe Pavelski wins face-off versus Travis Boyd in Avalanche zone.
10:48 of 1st period - Shot by John Klingberg.
10:48 of 1st period - Stopped by Chris Driedger with a rebound.
10:50 of 1st period - Shot by Joel Edmundson.
10:50 of 1st period - Stopped by Chris Driedger with a rebound.
10:52 of 1st period - Shot by Joe Pavelski.
10:52 of 1st period - Shot Blocked by Jonas Siegenthaler.
10:52 of 1st period - Jonas Siegenthaler from Avalanche is injured at 10:52 of 1st period (Dislocated Patella).
10:53 of 1st period - Nic Dowd wins face-off versus Trevor Zegras in Avalanche zone.
10:59 of 1st period - Trevor Zegras is hit by Erik Johnson and loses puck.
12:14 of 1st period - Shot by Trevor Zegras.
12:14 of 1st period - Shot Blocked by Quinn Hughes.
12:16 of 1st period - Shot by Trevor Zegras.
12:16 of 1st period - Deflect By Brock McGinn.
12:16 of 1st period - Stopped by Thatcher Demko without a rebound.
12:17 of 1st period - Elias Pettersson wins face-off versus Travis Boyd in Blue Jackets zone.
12:17 of 1st period - Elias Pettersson is hit by Luke Kunin.
12:23 of 1st period - Shot by Miles Wood.
12:23 of 1st period - Deflect By Anthony Duclair.
12:23 of 1st period - Stopped by Chris Driedger without a rebound.
12:24 of 1st period - Anthony Cirelli wins face-off versus Elias Pettersson in Avalanche zone.
12:39 of 1st period - Shot by Anthony Duclair.
12:39 of 1st period - Shot Misses the Net.
12:41 of 1st period - Shot by Elias Pettersson.
12:41 of 1st period - Stopped by Chris Driedger without a rebound.
12:42 of 1st period - Trevor Zegras wins face-off versus Nic Dowd in Avalanche zone.
12:56 of 1st period - Brock McGinn is hit by Zach Sanford and loses puck.
13:09 of 1st period - Shot by Nic Dowd.
13:09 of 1st period - Shot Misses the Net.
13:12 of 1st period - Kyle Palmieri is hit by Hampus Lindholm and loses puck.
13:18 of 1st period - Nic Dowd is hit by Brett Pesce and loses puck.
14:02 of 1st period - Shot by Travis Boyd.
14:02 of 1st period - Shot Misses the Net.
14:44 of 1st period - Shot by Marcus Johansson.
14:44 of 1st period - Stopped by Thatcher Demko without a rebound.
14:45 of 1st period - Elias Pettersson wins face-off versus Anthony Cirelli in Blue Jackets zone.
14:45 of 1st period - Elias Pettersson is hit by Anthony Cirelli.
14:59 of 1st period - Shot by Anthony Duclair.
14:59 of 1st period - Stopped by Chris Driedger with a rebound.
16:18 of 1st period - Icing by Anton Stralman.
16:19 of 1st period - Nic Dowd wins face-off versus Trevor Zegras in Avalanche zone.
16:20 of 1st period - Shot by Erik Johnson.
16:20 of 1st period - Shot Blocked by Bryan Little.
16:26 of 1st period - Shot by Zach Sanford.
16:26 of 1st period - Shot Blocked by Anton Stralman.
16:30 of 1st period - Shot by Kyle Palmieri.
16:30 of 1st period - Shot Misses the Net.
16:32 of 1st period - Shot by Zach Sanford.
16:32 of 1st period - Deflect By Kyle Palmieri.
16:32 of 1st period - Shot Misses the Net.
16:40 of 1st period - Shot by Kyle Palmieri.
16:40 of 1st period - Stopped by Chris Driedger without a rebound.
16:41 of 1st period - Frederick Gaudreau wins face-off versus Anthony Cirelli in Avalanche zone.
16:50 of 1st period - Shot by Frederick Gaudreau.
16:50 of 1st period - Stopped by Chris Driedger without a rebound.
16:51 of 1st period - Lucas Wallmark wins face-off versus T.J. Oshie in Avalanche zone.
17:14 of 1st period - Shot by Alexander Kerfoot.
17:14 of 1st period - Shot Misses the Net.
17:16 of 1st period - Shot by T.J. Oshie.
17:16 of 1st period - Stopped by Chris Driedger without a rebound.
17:17 of 1st period - Nic Dowd wins face-off versus Travis Boyd in Avalanche zone.
17:17 of 1st period - Nic Dowd is hit by Hampus Lindholm.
17:47 of 1st period - Shot by Hampus Lindholm.
17:47 of 1st period - Shot Blocked by Erik Johnson.
17:49 of 1st period - Shot by Brandon Carlo.
17:49 of 1st period - Shot Blocked by Erik Johnson.
17:51 of 1st period - Shot by Mark Pysyk.
17:51 of 1st period - Deflect By Travis Boyd.
17:51 of 1st period - Shot Blocked by Nic Dowd.
17:53 of 1st period - Shot by Hampus Lindholm.
17:53 of 1st period - Shot Misses the Net.
18:20 of 1st period - Icing by Anton Stralman.
18:21 of 1st period - Trevor Zegras wins face-off versus Joe Pavelski in Avalanche zone.
18:40 of 1st period - Shot by Trevor Zegras.
18:40 of 1st period - Shot Blocked by Alexander Kerfoot.
19:15 of 1st period - Shot by Elias Pettersson.
19:15 of 1st period - Stopped by Chris Driedger without a rebound.
19:16 of 1st period - Elias Pettersson wins face-off versus Anthony Cirelli in Avalanche zone.
19:52 of 1st period - Shot by Miles Wood.
19:52 of 1st period - Stopped by Chris Driedger without a rebound.
19:53 of 1st period - Nic Dowd wins face-off versus Travis Boyd in Avalanche zone.
Goals for this period are 0 for Avalanche vs 1 for Blue Jackets.
Shots for this period are 4 for Avalanche vs 17 for Blue Jackets.

2nd period


0:01 of 2nd period - Joe Pavelski wins face-off versus Trevor Zegras in neutral zone.
0:21 of 2nd period - Shot by Trevor Zegras.
0:21 of 2nd period - Stopped by Thatcher Demko with a rebound.
0:31 of 2nd period - Shot by Joe Pavelski.
0:31 of 2nd period - Stopped by Chris Driedger with a rebound.
0:33 of 2nd period - Shot by Ryan Graves.
0:33 of 2nd period - Stopped by Chris Driedger with a rebound.
0:56 of 2nd period - Shot by Anthony Duclair.
0:56 of 2nd period - Stopped by Chris Driedger with a rebound.
0:58 of 2nd period - Shot by Anthony Duclair.
0:58 of 2nd period - Shot Misses the Net.
1:28 of 2nd period - Shot by Colin Blackwell.
1:28 of 2nd period - Shot Misses the Net.
1:31 of 2nd period - Icing by Joel Edmundson.
1:32 of 2nd period - Lucas Wallmark wins face-off versus Anthony Duclair in Blue Jackets zone.
1:55 of 2nd period - Shot by Zach Sanford.
1:55 of 2nd period - Stopped by Chris Driedger without a rebound.
1:56 of 2nd period - Joe Pavelski wins face-off versus Anthony Cirelli in Avalanche zone.
2:19 of 2nd period - Shot by Joe Pavelski.
2:19 of 2nd period - Shot Misses the Net.
2:29 of 2nd period - Shot by Anthony Cirelli.
2:29 of 2nd period - Stopped by Thatcher Demko without a rebound.
2:30 of 2nd period - Lucas Wallmark wins face-off versus Zach Sanford in Blue Jackets zone.
2:38 of 2nd period - Icing by Braden Schneider.
2:39 of 2nd period - Lucas Wallmark wins face-off versus Zach Sanford in Blue Jackets zone.
2:52 of 2nd period - Shot by Lucas Wallmark.
2:52 of 2nd period - Shot Misses the Net.
3:01 of 2nd period - Nic Dowd is hit by Philippe Myers and loses puck.
3:06 of 2nd period - Shot by Nic Dowd.
3:06 of 2nd period - Stopped by Chris Driedger without a rebound.
3:07 of 2nd period - Trevor Zegras wins face-off versus T.J. Oshie in Avalanche zone.
4:12 of 2nd period - Shot by Miles Wood.
4:12 of 2nd period - Deflect By Elias Pettersson.
4:12 of 2nd period - Goal by Elias Pettersson - Avalanche : 0 - Blue Jackets : 2.
4:13 of 2nd period - Nic Dowd wins face-off versus Anthony Cirelli in neutral zone.
4:16 of 2nd period - Minor Penalty to Nic Dowd for Hooking.
4:17 of 2nd period - Joe Pavelski wins face-off versus Anthony Cirelli in Blue Jackets zone.
4:26 of 2nd period - Shot by Brett Pesce.
4:26 of 2nd period - Stopped by Thatcher Demko with a rebound.
4:30 of 2nd period - Shot by Anthony Cirelli.
4:30 of 2nd period - Stopped by Thatcher Demko with a rebound.
4:32 of 2nd period - Shot by Colin Blackwell.
4:32 of 2nd period - Stopped by Thatcher Demko without a rebound.
4:33 of 2nd period - Joe Pavelski wins face-off versus Travis Boyd in Blue Jackets zone.
6:24 of 2nd period - Icing by Joel Edmundson.
6:25 of 2nd period - Lucas Wallmark wins face-off versus Frederick Gaudreau in Blue Jackets zone.
6:26 of 2nd period - Shot by Brandon Carlo.
6:26 of 2nd period - Stopped by Thatcher Demko with a rebound.
6:28 of 2nd period - Shot by Hampus Lindholm.
6:28 of 2nd period - Stopped by Thatcher Demko without a rebound.
6:29 of 2nd period - Alexander Kerfoot wins face-off versus Travis Boyd in Blue Jackets zone.
6:40 of 2nd period - Shot by Frederick Gaudreau.
6:40 of 2nd period - Shot Misses the Net.
6:54 of 2nd period - Shot by Alexander Kerfoot.
6:54 of 2nd period - Shot Misses the Net.
8:51 of 2nd period - Shot by Bryan Little.
8:51 of 2nd period - Deflect By Trevor Zegras.
8:51 of 2nd period - Shot Blocked by Nic Dowd.
8:57 of 2nd period - Shot by Anton Stralman.
8:57 of 2nd period - Stopped by Thatcher Demko with a rebound.
8:59 of 2nd period - Shot by Anton Stralman.
8:59 of 2nd period - Stopped by Thatcher Demko with a rebound.
9:02 of 2nd period - Brock McGinn is hit by Joel Edmundson and loses puck.
9:12 of 2nd period - Icing by Zach Sanford.
9:13 of 2nd period - Travis Boyd wins face-off versus Kyle Palmieri in Blue Jackets zone.
10:13 of 2nd period - Miles Wood is hit by Hampus Lindholm and loses puck.
10:19 of 2nd period - Anthony Duclair is hit by Hampus Lindholm and loses puck.
10:32 of 2nd period - Shot by Miles Wood.
10:32 of 2nd period - Deflect By Elias Pettersson.
10:32 of 2nd period - Stopped by Chris Driedger without a rebound.
10:33 of 2nd period - Frederick Gaudreau wins face-off versus Trevor Zegras in Avalanche zone.
10:40 of 2nd period - Shot by John Klingberg.
10:40 of 2nd period - Stopped by Chris Driedger without a rebound.
10:41 of 2nd period - Elias Pettersson wins face-off versus Trevor Zegras in Avalanche zone.
12:03 of 2nd period - Shot by Zach Sanford.
12:03 of 2nd period - Goal by Zach Sanford - Avalanche : 0 - Blue Jackets : 3.
12:04 of 2nd period - Joe Pavelski wins face-off versus Anthony Cirelli in neutral zone.
12:12 of 2nd period - Shot by Colin Blackwell.
12:12 of 2nd period - Shot Blocked by Joel Edmundson.
12:14 of 2nd period - Shot by Anthony Cirelli.
12:14 of 2nd period - Stopped by Thatcher Demko without a rebound.
12:15 of 2nd period - Frederick Gaudreau wins face-off versus Travis Boyd in Blue Jackets zone.
12:24 of 2nd period - Icing by Hampus Lindholm.
12:25 of 2nd period - Joe Pavelski wins face-off versus Luke Kunin in Avalanche zone.
12:25 of 2nd period - Joe Pavelski is hit by Brandon Carlo.
12:36 of 2nd period - Shot by T.J. Oshie.
12:36 of 2nd period - Shot Misses the Net.
12:38 of 2nd period - Shot by Joel Edmundson.
12:38 of 2nd period - Shot Blocked by Luke Kunin.
12:40 of 2nd period - Shot by Alexander Kerfoot.
12:40 of 2nd period - Deflect By T.J. Oshie.
12:40 of 2nd period - Stopped by Chris Driedger without a rebound.
12:41 of 2nd period - Nic Dowd wins face-off versus Trevor Zegras in Avalanche zone.
12:53 of 2nd period - Brock McGinn is hit by Ryan Graves and loses puck.
13:18 of 2nd period - Shot by Bryan Little.
13:18 of 2nd period - Stopped by Thatcher Demko without a rebound.
13:19 of 2nd period - Joe Pavelski wins face-off versus Anthony Cirelli in Blue Jackets zone.
13:19 of 2nd period - Joe Pavelski is hit by Colin Blackwell.
14:01 of 2nd period - T.J. Oshie is hit by Hampus Lindholm and loses puck.
14:02 of 2nd period - T.J. Oshie from Blue Jackets is injured at 14:02 of 2nd period (Right Hand).
14:03 of 2nd period - Elias Pettersson wins face-off versus Mark Pysyk in Avalanche zone.
14:10 of 2nd period - Shot by Miles Wood.
14:10 of 2nd period - Stopped by Chris Driedger without a rebound.
14:11 of 2nd period - Trevor Zegras wins face-off versus Elias Pettersson in Avalanche zone.
14:45 of 2nd period - Icing by Quinn Hughes.
14:46 of 2nd period - Travis Boyd wins face-off versus Elias Pettersson in Blue Jackets zone.
14:49 of 2nd period - Shot by Mark Pysyk.
14:49 of 2nd period - Stopped by Thatcher Demko without a rebound.
14:50 of 2nd period - Joe Pavelski wins face-off versus Anthony Cirelli in Blue Jackets zone.
14:50 of 2nd period - Joe Pavelski is hit by Colin Blackwell.
15:16 of 2nd period - Shot by Alexander Kerfoot.
15:16 of 2nd period - Shot Misses the Net.
15:51 of 2nd period - Anthony Cirelli is hit by Tomas Nosek and loses puck.
16:49 of 2nd period - Shot by Anthony Duclair.
16:49 of 2nd period - Stopped by Chris Driedger without a rebound.
16:50 of 2nd period - Zach Sanford wins face-off versus Travis Boyd in Avalanche zone.
17:18 of 2nd period - Icing by Hampus Lindholm.
17:19 of 2nd period - Elias Pettersson wins face-off versus Travis Boyd in Avalanche zone.
17:30 of 2nd period - Shot by Anthony Duclair.
17:30 of 2nd period - Shot Blocked by Brandon Carlo.
18:37 of 2nd period - Bryan Little is hit by Zach Sanford and loses puck.
18:47 of 2nd period - Icing by Braden Schneider.
18:48 of 2nd period - Lucas Wallmark wins face-off versus Nic Dowd in Blue Jackets zone.
18:50 of 2nd period - Minor Penalty to Braden Schneider for Hooking.
18:51 of 2nd period - Joe Pavelski wins face-off versus Anthony Cirelli in Blue Jackets zone.
18:51 of 2nd period - Joe Pavelski is hit by Trevor Zegras.
19:04 of 2nd period - Icing by Anthony Cirelli.
19:05 of 2nd period - Anthony Cirelli wins face-off versus Joe Pavelski in Avalanche zone.
19:36 of 2nd period - Shot by Bryan Little.
19:36 of 2nd period - Shot Misses the Net.
19:46 of 2nd period - Shot by Bryan Little.
19:46 of 2nd period - Stopped by Thatcher Demko without a rebound.
19:47 of 2nd period - Joe Pavelski wins face-off versus Travis Boyd in Blue Jackets zone.
Goals for this period are 0 for Avalanche vs 2 for Blue Jackets.
Shots for this period are 13 for Avalanche vs 12 for Blue Jackets.

3rd period


0:01 of 3rd period - Joe Pavelski wins face-off versus Anthony Cirelli in neutral zone.
0:07 of 3rd period - Icing by Anthony Cirelli.
0:08 of 3rd period - Trevor Zegras wins face-off versus Joe Pavelski in Avalanche zone.
0:08 of 3rd period - Trevor Zegras is hit by Elias Pettersson.
1:22 of 3rd period - Icing by Brandon Carlo.
1:23 of 3rd period - Nic Dowd wins face-off versus Blake Pietila in Avalanche zone.
1:35 of 3rd period - Icing by Mark Pysyk.
1:36 of 3rd period - Lucas Wallmark wins face-off versus Elias Pettersson in Avalanche zone.
2:18 of 3rd period - Icing by Quinn Hughes.
2:19 of 3rd period - Trevor Zegras wins face-off versus Elias Pettersson in Blue Jackets zone.
2:20 of 3rd period - Shot by Bryan Little.
2:20 of 3rd period - Stopped by Thatcher Demko without a rebound.
2:21 of 3rd period - Joe Pavelski wins face-off versus Trevor Zegras in Blue Jackets zone.
2:30 of 3rd period - Shot by Tomas Nosek.
2:30 of 3rd period - Stopped by Chris Driedger without a rebound.
2:31 of 3rd period - Joe Pavelski wins face-off versus Anthony Cirelli in Avalanche zone.
2:32 of 3rd period - Shot by Erik Johnson.
2:32 of 3rd period - Stopped by Chris Driedger without a rebound.
2:33 of 3rd period - Trevor Zegras wins face-off versus Joe Pavelski in Avalanche zone.
2:47 of 3rd period - Alexander Kerfoot is hit by Trevor Zegras and loses puck.
2:58 of 3rd period - Shot by Bryan Little.
2:58 of 3rd period - Stopped by Thatcher Demko with a rebound.
3:00 of 3rd period - Shot by Hampus Lindholm.
3:00 of 3rd period - Stopped by Thatcher Demko without a rebound.
3:01 of 3rd period - Elias Pettersson wins face-off versus Anthony Cirelli in Blue Jackets zone.
3:01 of 3rd period - Elias Pettersson is hit by Anthony Cirelli.
3:11 of 3rd period - Off-side.
3:12 of 3rd period - Nic Dowd wins face-off versus Travis Boyd in neutral zone.
3:14 of 3rd period - Erik Johnson is hit by Brandon Carlo and loses puck.
3:25 of 3rd period - Shot by Luke Kunin.
3:25 of 3rd period - Stopped by Thatcher Demko without a rebound.
3:26 of 3rd period - Joe Pavelski wins face-off versus Trevor Zegras in Blue Jackets zone.
3:58 of 3rd period - Minor Penalty to Ryan Graves for High sticking.
3:58 of 3rd period - Minor Penalty to Trevor Zegras for Roughing.
3:59 of 3rd period - Joe Pavelski wins face-off versus Brock McGinn in Blue Jackets zone.
4:12 of 3rd period - Icing by Brett Pesce.
4:13 of 3rd period - Joe Pavelski wins face-off versus Brock McGinn in Avalanche zone.
4:34 of 3rd period - Icing by Mark Pysyk.
4:35 of 3rd period - Tomas Nosek wins face-off versus Brock McGinn in Avalanche zone.
4:53 of 3rd period - Icing by Brock McGinn.
4:54 of 3rd period - Joe Pavelski wins face-off versus Brock McGinn in Avalanche zone.
5:01 of 3rd period - Shot by Elias Pettersson.
5:01 of 3rd period - Shot Misses the Net.
5:21 of 3rd period - Shot by Brandon Carlo.
5:21 of 3rd period - Shot Blocked by Erik Johnson.
6:15 of 3rd period - Shot by Zach Sanford.
6:15 of 3rd period - Stopped by Chris Driedger without a rebound.
6:16 of 3rd period - Frederick Gaudreau wins face-off versus Travis Boyd in Avalanche zone.
6:52 of 3rd period - Off-side.
6:53 of 3rd period - Nic Dowd wins face-off versus Lucas Wallmark in neutral zone.
6:53 of 3rd period - John Klingberg is hit by Lucas Wallmark and loses puck.
7:07 of 3rd period - Zach Sanford is hit by Brandon Carlo and loses puck.
7:14 of 3rd period - Shot by Zach Sanford.
7:14 of 3rd period - Shot Misses the Net.
7:17 of 3rd period - Zach Sanford is hit by Brandon Carlo and loses puck.
7:22 of 3rd period - Shot by Nic Dowd.
7:22 of 3rd period - Shot Misses the Net.
7:49 of 3rd period - Minor Penalty to Joel Edmundson for Tripping.
7:50 of 3rd period - Travis Boyd wins face-off versus Elias Pettersson in Blue Jackets zone.
8:05 of 3rd period - Shot by Bryan Little.
8:05 of 3rd period - Shot Blocked by Ryan Graves.
8:07 of 3rd period - Shot by Bryan Little.
8:07 of 3rd period - Shot Blocked by Quinn Hughes.
8:09 of 3rd period - Shot by Brandon Carlo.
8:09 of 3rd period - Deflect By Bryan Little.
8:09 of 3rd period - Stopped by Thatcher Demko without a rebound.
8:10 of 3rd period - Anthony Cirelli wins face-off versus Joe Pavelski in Blue Jackets zone.
8:21 of 3rd period - Shot by Anthony Cirelli.
8:21 of 3rd period - Deflect By Trevor Zegras.
8:21 of 3rd period - Stopped by Thatcher Demko without a rebound.
8:22 of 3rd period - Travis Boyd wins face-off versus Joe Pavelski in Blue Jackets zone.
9:43 of 3rd period - Shot by Trevor Zegras.
9:43 of 3rd period - Shot Misses the Net.
9:45 of 3rd period - Shot by Anton Stralman.
9:45 of 3rd period - Shot Blocked by Braden Schneider.
10:04 of 3rd period - Icing by Joel Edmundson.
10:05 of 3rd period - Nic Dowd wins face-off versus Luke Kunin in Blue Jackets zone.
10:17 of 3rd period - Shot by Travis Boyd.
10:17 of 3rd period - Shot Blocked by John Klingberg.
10:19 of 3rd period - Shot by Brandon Carlo.
10:19 of 3rd period - Stopped by Thatcher Demko without a rebound.
10:20 of 3rd period - Joe Pavelski wins face-off versus Lucas Wallmark in Blue Jackets zone.
10:30 of 3rd period - John Klingberg is hit by Lucas Wallmark and loses puck.
11:00 of 3rd period - Shot by Bryan Little.
11:00 of 3rd period - Shot Misses the Net.
11:02 of 3rd period - Shot by Brock McGinn.
11:02 of 3rd period - Stopped by Thatcher Demko with a rebound.
11:04 of 3rd period - Shot by Anton Stralman.
11:04 of 3rd period - Goal by Anton Stralman - Avalanche : 1 - Blue Jackets : 3.
11:05 of 3rd period - Anthony Cirelli wins face-off versus Elias Pettersson in neutral zone.
11:14 of 3rd period - Quinn Hughes is hit by Philippe Myers and loses puck.
11:27 of 3rd period - Shot by Anthony Cirelli.
11:27 of 3rd period - Goal by Anthony Cirelli - Avalanche : 2 - Blue Jackets : 3.
11:28 of 3rd period - Nic Dowd wins face-off versus Trevor Zegras in neutral zone.
11:28 of 3rd period - Braden Schneider is hit by Brock McGinn and loses puck.
12:00 of 3rd period - Shot by Brock McGinn.
12:00 of 3rd period - Stopped by Thatcher Demko with a rebound.
12:02 of 3rd period - Shot by Hampus Lindholm.
12:02 of 3rd period - Shot Misses the Net.
12:17 of 3rd period - Anthony Cirelli is hit by Erik Johnson and loses puck.
12:18 of 3rd period - Minor Penalty to Braden Schneider for Roughing.
12:19 of 3rd period - Anthony Cirelli wins face-off versus Joe Pavelski in Blue Jackets zone.
12:21 of 3rd period - Trevor Zegras is hit by Ryan Graves and loses puck.
13:28 of 3rd period - Shot by Bryan Little.
13:28 of 3rd period - Shot Blocked by Kyle Palmieri.
13:46 of 3rd period - Shot by Elias Pettersson.
13:46 of 3rd period - Stopped by Chris Driedger without a rebound.
13:47 of 3rd period - Joe Pavelski wins face-off versus Anthony Cirelli in Avalanche zone.
14:39 of 3rd period - Icing by Alexander Kerfoot.
14:40 of 3rd period - Travis Boyd wins face-off versus Frederick Gaudreau in Blue Jackets zone.
14:55 of 3rd period - Shot by Travis Boyd.
14:55 of 3rd period - Shot Blocked by Erik Johnson.
14:57 of 3rd period - Shot by Brandon Carlo.
14:57 of 3rd period - Stopped by Thatcher Demko without a rebound.
14:58 of 3rd period - Lucas Wallmark wins face-off versus Nic Dowd in Blue Jackets zone.
14:58 of 3rd period - Hampus Lindholm is hit by John Klingberg and loses puck.
15:02 of 3rd period - Icing by Nic Dowd.
15:03 of 3rd period - Travis Boyd wins face-off versus Nic Dowd in Blue Jackets zone.
15:03 of 3rd period - Travis Boyd is hit by Joel Edmundson.
15:07 of 3rd period - Shot by Travis Boyd.
15:07 of 3rd period - Stopped by Thatcher Demko with a rebound.
15:14 of 3rd period - Icing by Kyle Palmieri.
15:15 of 3rd period - Lucas Wallmark wins face-off versus Zach Sanford in Blue Jackets zone.
15:15 of 3rd period - Blake Pietila is hit by Joel Edmundson and loses puck.
15:26 of 3rd period - Shot by Nic Dowd.
15:26 of 3rd period - Stopped by Chris Driedger without a rebound.
15:27 of 3rd period - Joe Pavelski wins face-off versus Trevor Zegras in Avalanche zone.
15:28 of 3rd period - Shot by Alexander Kerfoot.
15:28 of 3rd period - Deflect By Joe Pavelski.
15:28 of 3rd period - Shot Misses the Net.
16:23 of 3rd period - Icing by Anton Stralman.
16:24 of 3rd period - Trevor Zegras wins face-off versus Elias Pettersson in Avalanche zone.
16:38 of 3rd period - Off-side.
16:39 of 3rd period - Anthony Cirelli wins face-off versus Nic Dowd in neutral zone.
18:01 of 3rd period - Off-side.
18:02 of 3rd period - Travis Boyd wins face-off versus Elias Pettersson in neutral zone.
18:15 of 3rd period - Shot by Luke Kunin.
18:15 of 3rd period - Stopped by Thatcher Demko without a rebound.
18:16 of 3rd period - Trevor Zegras wins face-off versus Elias Pettersson in Blue Jackets zone.
18:22 of 3rd period - Elias Pettersson is hit by Mark Pysyk and loses puck.
18:27 of 3rd period - Shot by Miles Wood.
18:27 of 3rd period - Stopped by Chris Driedger without a rebound.
18:28 of 3rd period - Lucas Wallmark wins face-off versus Tomas Nosek in Avalanche zone.
18:33 of 3rd period - Avalanche, Chris Driedger is pulled from the net.
18:59 of 3rd period - Shot by Richard Panik.
18:59 of 3rd period - Shot Misses the Net.
19:21 of 3rd period - Shot by Bryan Little.
19:21 of 3rd period - Deflect By Travis Boyd.
19:21 of 3rd period - Shot Misses the Net.
19:23 of 3rd period - Shot by Anthony Cirelli.
19:23 of 3rd period - Shot Misses the Net.
19:25 of 3rd period - Shot by Travis Boyd.
19:25 of 3rd period - Stopped by Thatcher Demko with a rebound.
19:41 of 3rd period - Shot by Anthony Cirelli.
19:41 of 3rd period - Shot Misses the Net.
Goals for this period are 2 for Avalanche vs 0 for Blue Jackets.
Shots for this period are 15 for Avalanche vs 6 for Blue Jackets.




Output by the SimonT Hockey Simulator (STHS) for Tyler Bell - Original Page W3C HTML5 Valid
Hockey Simulator - Hockey Simulation - Hockey Manager